Map: Ascension to Aiur LE

Players

Probe

  • Race: Protoss Protoss
  • Spawn Location: 5:00

Neeb - Winner!

  • Race: Protoss Protoss
  • Spawn Location: 11:00

Event: WCS Valencia 2017

VOD

Have the link to the VOD?

Description

Time

  • Played on: July 14, 2017, 1:46 p.m.
  • Length: 11:51

All games in this series

Show
View Real Time Build Order
Export as new Build Order

Probe Protoss 

Build Orders: Blink Stalkers 

Get SALT Encoding   

  12  0:01  Probe (Chrono Boost)  
  13  0:11  Probe (Chrono Boost)  
  14  0:17  Pylon  
  14  0:22  Probe (Chrono Boost)  
  15  0:36  Probe (Chrono Boost)  
  15  0:38  Gateway  
  16  0:43  Assimilator  
  16  0:46  Probe (Chrono Boost)  
  17  0:51  Assimilator  
  18  0:57  Probe (Chrono Boost)  
  18  1:04  Gateway  
  18  1:07  Probe (Chrono Boost)  
  19  1:18  Probe (Chrono Boost)  
  20  1:25  Cybernetics Core  
  20  1:29  Probe (Chrono Boost)  
  21  1:33  Pylon  
  21  1:39  Probe (Chrono Boost)  
  22  1:50  Probe (Chrono Boost)  
  27  2:01  Mothership Core (Chrono Boost)  
  27  2:02  Warp Gate (Chrono Boost)  
  29  2:14  Nexus  
  25  2:21  Stalker  
  27  2:29  Stalker  
  29  2:36  Pylon  
  29  2:41  Probe  
  30  2:53  Probe  
  30  2:54  Stalker  
  33  2:59  Stalker  
  35  3:10  Probe  
  35  3:12  Pylon  
  36  3:21  Twilight Council  
  36  3:22  Probe  
  36  3:25  Probe  
  38  3:28  Sentry  
  38  3:32  Sentry  
  42  3:35  Probe  
  42  3:39  Probe (Chrono Boost)  
  44  3:47  Probe (Chrono Boost)  
  45  3:51  Probe (Chrono Boost)  
  45  3:52  Blink (Chrono Boost)  
  46  3:58  Probe  
  46  4:00  Probe  
  48  4:07  Robotics Facility  
  48  4:10  Probe x2  
  48  4:21  Pylon  
  48  4:22  Probe x2  
  47  4:33  Probe  
  47  4:34  Probe, Sentry  
  51  4:43  Probe  
  52  4:46  Probe, Assimilator  
  52  4:52  Gateway  
  53  4:53  Gateway  
  53  4:54  Probe, Gateway  
  53  4:58  Probe, Gateway  
  55  5:05  Probe  
  55  5:06  Warp Prism (Chrono Boost)  
  58  5:15  Probe, Pylon  
  58  5:18  Probe  
  60  5:24  Stalker x2  
  64  5:28  Pylon  
  64  5:36  Pylon  
  63  5:53  Stalker  
  63  5:54  Stalker x2  
  69  5:58  Stalker x2  
  69  5:59  Stalker  
  69  6:02  Pylon  
  75  6:17  Stalker x2  
  79  6:27  Stalker x4  
  79  6:32  Probe x2  
  89  6:33  Assimilator  
  89  6:44  Probe x2  
  91  6:51  Stalker x4  
  99  6:54  Charge  
  99  6:56  Probe  
  99  6:58  Sentry  
  99  7:00  Pylon  
  102  7:02  Pylon  
  102  7:20  Nexus  
  102  7:29  Stalker x3  
  111  7:37  Immortal (Chrono Boost)  
  111  7:40  Probe  
  112  7:49  Probe  
  113  7:56  Robotics Facility  
  113  7:57  Probe  
  114  7:58  Forge  
  114  8:01  Probe  
  115  8:09  Probe  
  116  8:13  Probe  
  117  8:21  Probe  
  117  8:22  Immortal (Chrono Boost)  
  117  8:26  Probe  
  113  8:28  Protoss Ground Weapons Level 1 (Chrono Boost)  
  107  8:34  Templar Archives  
  107  8:38  Zealot x2  
  111  8:43  Pylon  
  111  8:46  Immortal (Chrono Boost)  
  111  8:47  Pylon  
  115  8:51  Probe x3  
  115  8:52  Pylon  
  118  9:03  Probe x3  
  118  9:06  Assimilator x2  
  121  9:11  Zealot x3  
  121  9:12  Zealot  
  121  9:15  Probe x2  
  121  9:16  Probe  
  130  9:26  Immortal (Chrono Boost)  
  130  9:29  Immortal (Chrono Boost)  
  138  9:42  High Templar x4  
  146  9:49  Archon x2  
  150  10:00  Immortal (Chrono Boost), Nexus  
  150  10:06  High Templar  
  150  10:07  High Templar  
  132  10:12  Archon  
  130  10:17  Zealot x4  
  130  10:19  Immortal (Chrono Boost)  
  130  10:21  Pylon  
  140  10:34  Immortal (Chrono Boost)  
  144  10:40  Zealot x6  
  154  10:48  Photon Cannon  
  154  10:51  Photon Cannon  
  154  11:02  Zealot x2  
  158  11:07  Immortal (Chrono Boost), High Templar  
  164  11:12  Probe  
  164  11:15  Pylon  
  164  11:18  Pylon  
  163  11:20  Pylon x2  
  163  11:24  High Templar x3  
  167  11:28  Archon  
  167  11:34  Archon  
  167  11:35  Zealot x2  
  157  11:45  Zealot  
Show
View Real Time Build Order
Export as new Build Order

Neeb Protoss - Winner!

Build Orders: Oracle Opening, Zealot Archon 

Get SALT Encoding   

  12  0:00  Probe (Chrono Boost)  
  13  0:11  Probe (Chrono Boost)  
  14  0:18  Pylon  
  14  0:22  Probe (Chrono Boost)  
  15  0:36  Probe (Chrono Boost)  
  15  0:37  Gateway  
  16  0:46  Probe (Chrono Boost)  
  16  0:48  Assimilator  
  17  0:52  Assimilator  
  17  0:57  Probe (Chrono Boost)  
  18  1:05  Gateway  
  18  1:08  Probe (Chrono Boost)  
  19  1:18  Probe (Chrono Boost)  
  20  1:24  Cybernetics Core  
  20  1:29  Probe (Chrono Boost)  
  21  1:33  Pylon  
  21  1:39  Probe (Chrono Boost)  
  22  1:50  Probe (Chrono Boost)  
  23  2:00  Warp Gate (Chrono Boost)  
  25  2:01  Mothership Core (Chrono Boost)  
  29  2:09  Pylon  
  29  2:19  Probe (Chrono Boost)  
  30  2:27  Stargate  
  26  2:35  Nexus  
  26  2:43  Stalker  
  28  2:51  Stalker  
  28  2:54  Probe  
  31  3:01  Pylon  
  31  3:06  Probe  
  31  3:12  Oracle (Chrono Boost)  
  35  3:18  Probe  
  36  3:30  Probe  
  37  3:34  Robotics Facility  
  37  3:43  Probe  
  37  3:46  Probe  
  39  3:50  Oracle (Chrono Boost)  
  39  3:55  Probe  
  43  3:56  Probe  
  43  4:02  Pylon  
  44  4:07  Probe x2  
  46  4:18  Probe  
  46  4:19  Probe  
  46  4:22  Observer (Chrono Boost)  
  49  4:28  Probe  
  49  4:31  Probe  
  51  4:36  Twilight Council  
  51  4:37  Forge  
  51  4:39  Probe  
  51  4:43  Probe, Assimilator  
  51  4:45  Immortal (Chrono Boost)  
  57  4:48  Assimilator  
  57  4:49  Probe  
  58  4:55  Probe  
  59  5:00  Probe  
  60  5:07  Probe  
  60  5:10  Probe  
  60  5:11  Protoss Ground Weapons Level 1 (Chrono Boost)  
  62  5:15  Charge  
  62  5:19  Probe  
  63  5:21  Nexus  
  63  5:23  Probe  
  63  5:24  Pylon, Immortal (Chrono Boost)  
  68  5:35  Probe  
  68  5:36  Probe  
  70  5:43  Pylon  
  70  5:46  Gateway  
  70  5:48  Gateway  
  70  5:52  Sentry  
  70  5:53  Pylon  
  70  5:54  Pylon  
  70  5:55  Sentry  
  74  6:00  Probe x2, Immortal  
  80  6:12  Probe x2  
  80  6:18  Zealot  
  81  6:21  Zealot  
  83  6:29  Gateway  
  83  6:30  Gateway  
  83  6:33  Probe, Templar Archives  
  83  6:34  Immortal  
  88  6:40  Zealot  
  88  6:43  Zealot  
  92  6:51  Pylon  
  92  6:56  Zealot x2  
  96  7:02  Pylon  
  96  7:05  Pylon  
  96  7:10  High Templar x2  
  96  7:15  Archon  
  100  7:16  Immortal  
  100  7:19  Pylon  
  104  7:23  Zealot x2  
  106  7:37  Blink, Nexus  
  106  7:39  Protoss Ground Weapons Level 2 (Chrono Boost)  
  106  7:43  Probe x2  
  106  7:51  Stalker x3  
  106  7:55  Pylon  
  106  7:57  Probe  
  114  8:03  Robotics Bay  
  108  8:13  Probe  
  108  8:14  Probe  
  108  8:17  Stalker  
  108  8:18  Stalker  
  110  8:25  Probe  
  110  8:26  Probe  
  111  8:37  Probe, Robotics Facility  
  111  8:38  Probe  
  111  8:41  Observer  
  113  8:48  Probe  
  114  8:49  Probe  
  114  8:50  Probe  
  117  8:55  Assimilator  
  117  8:58  Probe  
  117  9:00  Assimilator  
  117  9:01  Probe  
  117  9:02  Pylon, Disruptor (Chrono Boost)  
  119  9:06  Probe  
  119  9:09  Pylon  
  123  9:26  Disruptor (Chrono Boost)  
  123  9:28  Stalker x2  
  130  9:34  Stalker x2  
  130  9:37  Disruptor (Chrono Boost)  
  137  9:42  Pylon  
  137  9:44  Phoenix  
  139  9:47  Stalker x2  
  143  10:04  Disruptor (Chrono Boost)  
  144  10:09  Disruptor (Chrono Boost)  
  140  10:21  Probe x2  
  140  10:22  Nexus  
  140  10:26  Pylon  
  141  10:39  Disruptor (Chrono Boost)  
  141  10:41  Stalker x5  
  141  10:42  Pylon  
  154  10:45  Photon Cannon  
  154  10:58  Stalker  
  154  11:00  Gateway  
  154  11:03  Fleet Beacon  
  156  11:04  Gateway  
  154  11:13  Stalker x3  
  160  11:28  Assimilator  
  160  11:31  Zealot x2  
  160  11:32  Assimilator  
  164  11:35  Photon Cannon  
  164  11:36  Zealot  
  140  11:47  Zealot x3  
Tags
 
Add a new tag
Caveats
  • Supply blocks, unpowered buildings, or Contaminate may cause inaccurate times.
  • Supply counts are checked every 10 seconds.